 Dungeon Crawl Stone Soup version 0.30-a0-989-g0d87f670db (webtiles) character file.

Game seed: 10334521046296565734

63 Elsrick the Cudgeller (level 4, -2/40 HPs)
             Began as a Meteoran Cinder Acolyte on Apr 3, 2023.
             Was a High Priest of Ignis.
             Succumbed to a kobold's poison
             ... on level 2 of the Dungeon.
             The game lasted 00:05:38 (799 turns).

Elsrick the Cudgeller (Meteoran Cinder Acolyte)      Turns: 799, Time: 00:05:39

Health: -2/40      AC:  6    Str: 18    XL:     4   Next: 56%
Magic:  7/7        EV: 10    Int: 15    God:    Ignis [*****.]
Gold:   24         SH:  0    Dex:  9    Spells: 5/5 levels left

rFire   + . .      SeeInvis .    d - +0 hammer
rCold   . . .      Faith    .    (no shield)
rNeg    . . .      Spirit   .    c - +0 ring mail
rPois   .          Reflect  .    (no helmet)
rElec   .          Rampage  .    b - +0 cloak
rCorr   .                        (no gloves)
Will    .....                    (no boots) Stlth
                                 k - amulet of the acrobat
HPRegen 0.26/turn                (no ring)
MPRegen 0.10/turn                (no ring)

@: lethally poisoned (-2 -> -23), glowing
A: sense surroundings 1, otherworldly, glowing, explore regen
a: Renounce Religion, Fiery Armour, Foxfire Swarm, Rising Flame


You were on level 2 of the Dungeon.
You worshipped Ignis.
Ignis was extremely pleased with you.
You visited 1 branch of the dungeon, and saw 2 of its levels.

You collected 24 gold pieces.

Inventory:

Hand Weapons
 a - a -1 mace of flaming
 d - a +0 hammer (weapon)
Armour
 b - a +0 cloak (worn)
 c - a +0 ring mail (worn)
Jewellery
 k - an amulet of the acrobat (around neck)
Scrolls
 f - a scroll of poison {unknown}
 h - a scroll of noise
 l - a scroll of teleportation {unknown}
Potions
 e - 2 potions of flight
 g - a potion of mutation {unknown}
 i - a potion of berserk rage {unknown}
 j - a potion of lignification {unknown}


   Skills:
 + Level 4.0 Fighting
 + Level 5.3 Maces & Flails
 + Level 0.6 Armour
 + Level 0.3 Dodging
 + Level 1.3 Spellcasting
 + Level 4.0 Fire Magic


You had 5 spell levels left.
You didn't know any spells.
Your spell library contained the following spells:

 Spells                   Type           Power      Damage    Failure   Level
 Scorch                   Fire           26%        2d6       12%         2


Dungeon Overview and Level Annotations

Branches:
Dungeon (2/15) Zot: 389

Altars:


Innate Abilities, Weirdness & Mutations

You passively map a small area around you.
You are easily found by Zot.
You glow in the dark.
You regain HP and MP as you explore.


Message History

The hobgoblin is lightly wounded.
The hobgoblin completely misses you.
You hit the hobgoblin.
The hobgoblin is heavily wounded.
The hobgoblin hits you but does no damage.
The kobold hits you but does no damage.
You are poisoned.
You closely miss the hobgoblin.
The hobgoblin is heavily wounded.
You feel very sick. The hobgoblin closely misses you.
The kobold hits you with a +3 dagger of venom.
You hit the hobgoblin.
You kill the hobgoblin!
You feel sick.
The kobold hits you with a +3 dagger of venom.
You are more poisoned.
You feel very sick. The kobold barely misses you.
You see here a hobgoblin corpse.
You hit the kobold but do no damage.
You feel very sick. The kobold barely misses you.
You barely miss the kobold.
You feel very sick.
The kobold hits you with a +3 dagger of venom.
You are lethally poisoned!
The kobold hits you but does no damage.
You are more poisoned.
You barely miss the kobold.
* * * LOW HITPOINT WARNING * * *
You feel very sick. The kobold hits you but does no damage.
You are more poisoned.
You closely miss the kobold.
* * * LOW HITPOINT WARNING * * *
You feel extremely sick. The kobold barely misses you.
You closely miss the kobold.
You die...

* .<....# ** #..#..#
#..#..# ,, ### #.....# ,
..# ##...#.##### ..#
#..........# , ..#
#..........#.. ..#
#.##.........# * , ..#
######.##.K@....#. ..##
#...............# , ...#
#...............# ,
.#.###...............#,
,
.#)..#.................
, ,
..##.#..................
#.##.#†.................
, ,
#.##.#..........#...#...
#...............### ..


You could see a kobold.

Vanquished Creatures
  Crazy Yiuf (D:2)
  A gnoll (D:1)
  An adder (D:2)
  3 bats (D:1)
  An endoplasm (D:1)
  A goblin (D:1)
  4 hobgoblins
  A quokka (D:2)
  A frilled lizard (D:2)
  2 kobolds (D:2)
16 creatures vanquished.

Vanquished Creatures (others)
  A goblin (D:1)
  A kobold (D:1)
2 creatures vanquished.

Grand Total: 18 creatures vanquished

Notes
Turn   | Place    | Note
-------+----------+-------------------------------------------
     0 | D:1      | Elsrick the Meteoran Cinder Acolyte began the quest for the
                  | Orb.
     0 | D:1      | Reached XP level 1. HP: 19/19 MP: 3/3
   115 | D:1      | Reached XP level 2. HP: 26/26 MP: 5/5
   491 | D:1      | Reached XP level 3. HP: 26/31 MP: 6/6
   493 | D:1      | Glimpsed the power of Zot.
   543 | D:1      | Glimpsed the power of Zot.
   606 | D:2      | Reached skill level 5 in Maces & Flails
   656 | D:2      | Found a runed translucent door.
   657 | D:2      | Noticed Crazy Yiuf
   667 | D:2      | Killed Crazy Yiuf
   668 | D:2      | Reached XP level 4. HP: 18/40 MP: 5/7
   799 | D:2      | Succumbed to a kobold's poison

Illustrated notes

Levels and vault maps discovered:
D:1:      reono_arrival_forest_river, layout_basic,
          dreamdust_ecumenical_altar_sealed_demon, reono_crystal_passage,
          lemuel_flame_loot_1
D:2:      layout_rooms, serial_park_tiny_2, roderic_roman_lattice, uniq_terence,
          uniq_crazy_yiuf_cottage

Skill      XL: |  1  2  3 |
---------------+----------+-----
Maces & Flails | 5 |  5.3
Fighting       | 4 |  4.0
Fire Magic     | 4 |  4.0
Armour         | |  0.6
Dodging        | |  0.3
Spellcasting   | |  1.3

Action                     |  1- 3 |  4- 6 || total
---------------------------+-------+-------++-------
  Melee: Mace              |    42 |    15 ||    57
    Use: Scroll            |     3 |       ||     3
 Armour: Ring mail         |    14 |     5 ||    19
         Robe              |     1 |       ||     1
  Dodge: Dodged            |    20 |    11 ||    31

Table legend: (Time is in decaauts)
 A = Elapsed time spent in this place.
 B = Non-inter-level travel time spent in this place.
 C = Inter-level travel time spent in this place.
 D = Time resting spent in this place.
 E = Time spent auto-exploring this place.
 F = Levels seen in this place.
 G = Mean time per level.
                   A        B        C        D        E       F      G
               +--------+--------+--------+--------+--------+-----+--------+
         Total |    810 |    761 |     49 |     74 |    425 |   2 |  405.0 |
       Dungeon |    810 |    761 |     49 |     74 |    425 |   2 |  405.0 |
               +--------+--------+--------+--------+--------+-----+--------+

Top non-repeatable levels by time:
     D:1: 556 daAuts
     D:2: 254 daAuts
